WCHLSIM.com - West Coast Hockey League
html PUBLIC "-//W3C//DTD XHTML 1.0 Transitional//EN" "http://www.w3.org/TR/xhtml1/DTD/xhtml1-transitional.dtd"> WCHL - Game 281 - RENO LIONS vs KELOWNA ROCKETS

RENO LIONS vs KELOWNA ROCKETS

Created - 24 décembre 2020 at 20:44

Goals
1 2 3 T
RENO LIONS 0 0 2 2
KELOWNA ROCKETS 0 0 1 1
Shots
1 2 3 T
RENO LIONS 7 3 10 20
KELOWNA ROCKETS 2 6 7 15

1st period

No Goal

Penalties :
Kristopher Letang (KEL) for Delaying the game (Minor) at 13:15

2nd period

No Goal

Penalties :
Blake Coleman (REN) for Interference (Minor) at 2:07, Vladimir Tarasenko (KEL) for Hooking (Minor) at 14:35, Leo Komarov (REN) for Boarding (Minor) at 17:45

3rd period

1. KELOWNA ROCKETS , Ilya Kovalchuk 4 (Kristopher Letang 5, Adam Fox 6) at 3:38
2. RENO LIONS , Jacob Trouba 3 (Oscar Klefbom 14, Elias Pettersson 11) at 13:48
3. RENO LIONS , Anders Lee 3 (Cam Atkinson 7, William Karlsson 7) at 16:29

Penalties :
Tyler Bertuzzi (KEL) for Goalie Interference (Minor) at 0:37, Mark Giordano (KEL) for Hooking (Minor) at 17:36

Goalie Stats

Jaroslav Halak (REN), 14 saves from 15 shots - (0,933), W, 11-0-2, 60:00 minutes
Tuukka Rask (KEL), 18 saves from 20 shots - (0,900), L, 5-6-1, 60:00 minutes

Players Stats for RENO LIONS

Player Name              G  A  P  +/- PIM S  H  SB GA TA FO     MP     PP MP  PK MP  
------------------------------------------------------------------------------------
Anders Lee               1  0  1   1  0   3  0  1  0  0  3/3    21:06   3:48   2:51 
Blake Coleman            0  0  0  -1  2   3  1  0  0  0  0/3    13:48   0:00   0:58 
Cam Atkinson             0  1  1   1  0   3  0  0  0  0  0/2    17:51   3:48   0:00 
Elias Pettersson         0  1  1   1  0   2  1  0  0  0  5/25   22:22   4:08   1:56 
Ethan Bear               0  0  0  -1  0   0  0  1  0  0  0/0    15:23   0:00   1:32 
Evgeny Dadonov           0  0  0   1  0   0  1  0  0  0  0/1    20:20   4:08   0:18 
Jacob Trouba             1  0  1   1  0   1  2  0  0  0  0/0    24:32   3:48   2:26 
Jayce Hawryluk           0  0  0   0  0   1  1  0  0  0  0/0     5:18   0:00   0:00 
Jordie Benn              0  0  0  -1  0   0  1  0  0  0  0/0    13:51   0:00   0:00 
Leo Komarov              0  0  0  -1  2   0  1  0  0  0  4/9    12:45   0:00   0:19 
Maxime Comtois           0  0  0   0  0   0  0  0  0  0  0/0     5:18   0:00   0:00 
Oliver Ekman-Larsson     0  0  0   1  0   0  4  0  0  0  0/0    19:45   3:48   0:00 
Oscar Klefbom            0  1  1   1  0   0  1  1  0  0  0/0    24:52   4:08   2:26 
Pierre-Luc Dubois        0  0  0   1  0   2  1  0  0  0  0/1    20:02   4:08   0:00 
Ryan Pulock              0  0  0   1  0   0  1  0  0  0  0/0    21:37   4:08   1:32 
Tomas Nosek              0  0  0   0  0   0  0  0  0  0  1/3     5:18   0:00   0:00 
Vincent Hinostroza       0  0  0  -1  0   0  0  0  0  0  0/1    14:01   0:00   1:34 
William Karlsson         0  1  1   1  0   5  1  0  0  0  10/15  17:51   3:48   0:00 

Players Stats for KELOWNA ROCKETS

Player Name              G  A  P  +/- PIM S  H  SB GA TA FO     MP     PP MP  PK MP  
------------------------------------------------------------------------------------
Adam Fox                 0  1  1   0  0   2  1  2  0  0  0/0    20:38   2:07   4:00 
Alexander Ovechkin       0  0  0  -1  0   1  0  0  0  0  0/0    17:19   2:07   0:00 
Anthony Cirelli          0  0  0  -1  0   3  1  0  0  0  13/18  19:26   2:16   2:37 
Auston Matthews          0  0  0  -1  0   1  0  0  0  0  12/20  20:31   0:00   5:19 
Dmitri Orlov             0  0  0   0  0   0  0  1  0  0  0/0    19:57   1:51   2:41 
Evgeny Kuznetsov         0  0  0   1  0   2  1  0  0  0  9/15   13:55   1:42   0:00 
Ilya Kovalchuk           1  0  1   1  0   2  1  0  0  0  0/0    14:29   2:16   0:00 
Joakim Nordstrom         0  0  0   0  0   0  2  0  0  0  3/5     6:08   0:00   0:00 
Jonas Siegenthaler       0  0  0  -1  0   0  3  2  0  0  0/0    18:11   0:00   3:45 
Jordan Eberle            0  0  0  -1  0   1  2  0  0  0  1/2    20:31   0:00   5:19 
Kristopher Letang        0  1  1   0  2   0  3  0  0  0  0/0    22:43   1:51   2:38 
Mark Giordano            0  0  0   0  2   0  0  1  0  0  0/0    21:45   0:00   2:37 
Niklas Hjalmarsson       0  0  0  -1  0   0  1  1  0  0  0/0    14:37   0:00   0:11 
Pavel Buchnevich         0  0  0  -1  0   0  0  0  0  0  1/1    18:52   1:42   2:37 
Scott Wilson             0  0  0   0  0   0  0  0  0  0  0/0     6:08   0:00   0:00 
Tyler Bertuzzi           0  0  0  -1  2   1  1  0  0  0  1/2    16:14   1:42   0:00 
Vitaly Abramov           0  0  0   0  0   0  0  0  0  0  0/0     6:08   0:00   0:00 
Vladimir Tarasenko       0  0  0   1  2   2  2  0  0  0  0/0    14:28   2:16   0:00 

3 Stars

1 - Jacob Trouba (REN)
2 - Anders Lee (REN)
3 - Ilya Kovalchuk (KEL)

Power Play

RENO LIONS - 0 on 4 Attempt(s) - 0,00%
KELOWNA ROCKETS - 0 on 2 Attempt(s) - 0,00%

Penalty Kill

RENO LIONS - 2 on 2 Attempt(s) - 100,00% - Score 0 goal in Penalty Kill
KELOWNA ROCKETS - 4 on 4 Attempt(s) - 100,00% - Score 0 goal in Penalty Kill

Team Stat

RENO LIONS - Hits : 16 - Faceoff Wins : 23 - Blocked Shots : 3 - Penalty Minutes : 4
KELOWNA ROCKETS - Hits : 18 - Faceoff Wins : 40 - Blocked Shots : 7 - Penalty Minutes : 8

Official

Referees : Kyle Rehman and Mike Duco
Linesman : Jake Davis and Scott Cherrey

Game Notes

No Game Note

Finance

Level 1 -- Attendance: 4666 (70,70%) -- Ticket Income 886 540 $
Level 2 -- Attendance: 4614 (82,39%) -- Ticket Income 576 750 $
Level 3 -- Attendance: 1936 (60,50%) -- Ticket Income 193 600 $
Level 4 -- Attendance: 4039 (72,13%) -- Ticket Income 262 535 $
Luxury Box -- Attendance: 804 (80,40%) -- Ticket Income 273 360 $
Game was played at the Cherepanov Coliseum.
Total Attendance: 16059 (73,00%)
Total Ticket Income: 2 192 785 $
Other Income: 767 475 $
Total Income: 2 960 260 $

RENO LIONS

5 vs 5 Forward 
   Center                   Left Wing                Right Wing               Time % Phy DF OF 
 1 Elias Pettersson         Pierre-Luc Dubois        Evgeny Dadonov           36     0   2  3  
 2 William Karlsson         Anders Lee               Cam Atkinson             31     0   2  3  
 3 Leo Komarov              Vincent Hinostroza       Blake Coleman            23     1   2  2  
 4 Tomas Nosek              Maxime Comtois           Jayce Hawryluk           10     1   3  1  

5 vs 5 Defense 
   Defense                  Defense                                           Time % Phy DF OF 
 1 Oscar Klefbom            Jacob Trouba                                      36     1   2  2  
 2 Oliver Ekman-Larsson     Ryan Pulock                                       31     1   2  2  
 3 Jordie Benn              Ethan Bear                                        23     1   2  2  
 4 Oscar Klefbom            Jacob Trouba                                      10     1   2  2  

PowerPlay Forward 
   Center                   Left Wing                Right Wing               Time % Phy DF OF 
 1 Elias Pettersson         Pierre-Luc Dubois        Evgeny Dadonov           55     1   0  4  
 2 William Karlsson         Anders Lee               Cam Atkinson             45     1   0  4  

PowerPlay Defense
   Defense                  Defense                                           Time % Phy DF OF 
 1 Oscar Klefbom            Ryan Pulock                                       55     0   1  4  
 2 Oliver Ekman-Larsson     Jacob Trouba                                      45     0   1  4  

Penalty Kill 4 Players Forward 
   Center                   Wing                     Time % Phy DF OF 
 1 Blake Coleman            Anders Lee               55     1   3  1  
 2 Elias Pettersson         Leo Komarov              45     1   3  1  

Penalty Kill 4 Players Defense
   Defense                  Defense                  Time % Phy DF OF 
 1 Ethan Bear               Ryan Pulock              55     1   3  1  
 2 Jacob Trouba             Oscar Klefbom            45     1   3  1  

Penalty Kill - 3 Players Forward 
   Forward                                           Time % Phy DF OF 
 1 Leo Komarov                                       55     0   5  0  
 2 Blake Coleman                                     45     0   5  0  

Penalty Kill - 3 Players Defense
   Defense                  Defense                  Time % Phy DF OF 
 1 Oscar Klefbom            Jacob Trouba             55     0   5  0  
 2 Ethan Bear               Ryan Pulock              45     0   5  0  

4 vs 4 Forward 
   Center                   Wing                     Time % Phy DF OF 
 1 Vincent Hinostroza       Tomas Nosek              55     1   2  2  
 2 Jayce Hawryluk           Maxime Comtois           45     1   2  2  

4 vs 4 Defense
   Defense                  Defense                  Time % Phy DF OF 
 1 Jordie Benn              Oliver Ekman-Larsson     55     1   2  2  
 2 Ethan Bear               Ryan Pulock              45     1   2  2  

Last Minutes Offensive
   Center                   Left Wing                Right Wing               Defense                  Defense                  
   Elias Pettersson         Pierre-Luc Dubois        Evgeny Dadonov           Oscar Klefbom            Ryan Pulock              

Last Minutes Defensive
   Center                   Left Wing                Right Wing               Defense                  Defense                  
   Elias Pettersson         Anders Lee               Blake Coleman            Oscar Klefbom            Jacob Trouba             

Goaltenders
Starting : Jaroslav Halak           
Backup : Thomas Greiss            

Extra Forwards
Normal : William Karlsson, Pierre-Luc Dubois, Evgeny Dadonov - PP : Cam Atkinson, Tomas Nosek - PK : Vincent Hinostroza
Extra Defensemen
Normal : Jordie Benn, Oliver Ekman-Larsson, Ethan Bear - PP : Jordie Benn - PK : Jordie Benn, Oliver Ekman-Larsson
Penalty Shots
Elias Pettersson, Pierre-Luc Dubois, Evgeny Dadonov, William Karlsson, Anders Lee
Custom OT Lines Forwards
Elias Pettersson, William Karlsson, Anders Lee, Pierre-Luc Dubois, Evgeny Dadonov, Blake Coleman, Cam Atkinson, Leo Komarov, Vincent Hinostroza, Tomas Nosek
Custom OT Lines Defensemen
Oscar Klefbom, Jacob Trouba, Oliver Ekman-Larsson, Ryan Pulock, Ethan Bear

Scratches
None

KELOWNA ROCKETS

5 vs 5 Forward 
   Center                   Left Wing                Right Wing               Time % Phy DF OF 
 1 Auston Matthews          Alexander Ovechkin       Jordan Eberle            36     1   2  2  
 2 Anthony Cirelli          Pavel Buchnevich         Tyler Bertuzzi           35     1   2  2  
 3 Evgeny Kuznetsov         Ilya Kovalchuk           Vladimir Tarasenko       29     1   2  2  
 4 Joakim Nordstrom         Scott Wilson             Vitaly Abramov           0      1   2  2  

5 vs 5 Defense 
   Defense                  Defense                                           Time % Phy DF OF 
 1 Mark Giordano            Dmitri Orlov                                      34     1   2  2  
 2 Adam Fox                 Kristopher Letang                                 32     1   2  2  
 3 Jonas Siegenthaler       Niklas Hjalmarsson                                24     1   2  2  
 4 Mark Giordano            Kristopher Letang                                 10     1   2  2  

PowerPlay Forward 
   Center                   Left Wing                Right Wing               Time % Phy DF OF 
 1 Evgeny Kuznetsov         Pavel Buchnevich         Tyler Bertuzzi           65     0   0  5  
 2 Anthony Cirelli          Ilya Kovalchuk           Vladimir Tarasenko       35     0   0  5  

PowerPlay Defense
   Defense                  Defense                                           Time % Phy DF OF 
 1 Alexander Ovechkin       Adam Fox                                          65     0   1  4  
 2 Dmitri Orlov             Kristopher Letang                                 35     0   2  3  

Penalty Kill 4 Players Forward 
   Center                   Wing                     Time % Phy DF OF 
 1 Auston Matthews          Jordan Eberle            55     1   3  1  
 2 Anthony Cirelli          Pavel Buchnevich         45     1   3  1  

Penalty Kill 4 Players Defense
   Defense                  Defense                  Time % Phy DF OF 
 1 Mark Giordano            Jonas Siegenthaler       55     1   2  2  
 2 Adam Fox                 Kristopher Letang        45     1   2  2  

Penalty Kill - 3 Players Forward 
   Forward                                           Time % Phy DF OF 
 1 Auston Matthews                                   55     1   4  0  
 2 Jordan Eberle                                     45     1   4  0  

Penalty Kill - 3 Players Defense
   Defense                  Defense                  Time % Phy DF OF 
 1 Mark Giordano            Jonas Siegenthaler       55     1   2  2  
 2 Adam Fox                 Kristopher Letang        45     1   2  2  

4 vs 4 Forward 
   Center                   Wing                     Time % Phy DF OF 
 1 Auston Matthews          Jordan Eberle            55     0   2  3  
 2 Evgeny Kuznetsov         Alexander Ovechkin       45     0   2  3  

4 vs 4 Defense
   Defense                  Defense                  Time % Phy DF OF 
 1 Mark Giordano            Jonas Siegenthaler       55     1   2  2  
 2 Kristopher Letang        Dmitri Orlov             45     1   2  2  

Last Minutes Offensive
   Center                   Left Wing                Right Wing               Defense                  Defense                  
   Auston Matthews          Alexander Ovechkin       Jordan Eberle            Mark Giordano            Kristopher Letang        

Last Minutes Defensive
   Center                   Left Wing                Right Wing               Defense                  Defense                  
   Auston Matthews          Pavel Buchnevich         Jordan Eberle            Mark Giordano            Kristopher Letang        

Goaltenders
Starting : Tuukka Rask              
Backup : Marcus Hogberg           

Extra Forwards
Normal : Alexander Ovechkin, Auston Matthews, Evgeny Kuznetsov - PP : Anthony Cirelli, Ilya Kovalchuk - PK : Tyler Bertuzzi
Extra Defensemen
Normal : Mark Giordano, Kristopher Letang, Adam Fox - PP : Mark Giordano - PK : Dmitri Orlov, Niklas Hjalmarsson
Penalty Shots
Alexander Ovechkin, Auston Matthews, Evgeny Kuznetsov, Jordan Eberle, Ilya Kovalchuk
Custom OT Lines Forwards
Evgeny Kuznetsov, Alexander Ovechkin, Auston Matthews, Jordan Eberle, Anthony Cirelli, Ilya Kovalchuk, Pavel Buchnevich, Tyler Bertuzzi, Vladimir Tarasenko, Vitaly Abramov
Custom OT Lines Defensemen
Mark Giordano, Adam Fox, Kristopher Letang, Dmitri Orlov, Jonas Siegenthaler

Scratches
Vladislav Kamenev (Herniated Disc Injury)

% Time on Ice - RENO LIONS

Lines # - Real PCT - Wanted PCT - Time Play
Normal Forward
1 - 33% - 36% - 15:54
2 - 29% - 31% - 14:03
3 - 26% - 23% - 12:27
4 - 11% - 10% - 5:18
Normal Defense
1 - 34% - 36% - 16:18
2 - 33% - 31% - 15:57
3 - 29% - 23% - 13:51
4 - 3% - 10% - 1:36
PP Forward
1 - 52% - 55% - 4:08
2 - 48% - 45% - 3:48
PP Defense
1 - 52% - 55% - 4:08
2 - 48% - 45% - 3:48
PK Forward
1 - 73% - 55% - 2:54
2 - 27% - 45% - 1:04
PK Defense
1 - 39% - 55% - 1:32
2 - 61% - 45% - 2:26
PK3 Forward
1 - 0% - 55%
2 - 0% - 45%
PK3 Defense
1 - 0% - 55%
2 - 0% - 45%
44 Forward
1 - 0% - 55%
2 - 0% - 45%
44 Defense
1 - 0% - 55%
2 - 0% - 45%
Last Minute Offensive  - 0:00
Last Minute Defensive  - 0:24
Total
Forward - 60:00
Defense - 60:00

% Time on Ice - KELOWNA ROCKETS

Lines # - Real PCT - Wanted PCT - Time Play
Normal Forward
1 - 31% - 36% - 14:48
2 - 31% - 35% - 14:33
3 - 26% - 29% - 12:13
4 - 13% - 0% - 6:08
Normal Defense
1 - 32% - 34% - 15:25
2 - 30% - 32% - 14:31
3 - 30% - 24% - 14:26
4 - 7% - 10% - 3:20
PP Forward
1 - 43% - 65% - 1:42
2 - 57% - 35% - 2:16
PP Defense
1 - 53% - 65% - 2:07
2 - 47% - 35% - 1:51
PK Forward
1 - 67% - 55% - 5:19
2 - 33% - 45% - 2:37
PK Defense
1 - 50% - 55% - 3:56
2 - 50% - 45% - 4:00
PK3 Forward
1 - 0% - 55%
2 - 0% - 45%
PK3 Defense
1 - 0% - 55%
2 - 0% - 45%
44 Forward
1 - 0% - 55%
2 - 0% - 45%
44 Defense
1 - 0% - 55%
2 - 0% - 45%
Last Minute Offensive  - 0:24
Last Minute Defensive  - 0:00
Total
Forward - 60:00
Defense - 60:00

Play-by-Play

1st period


0:01 of 1st period - Elias Pettersson wins face-off versus Auston Matthews in neutral zone.
0:04 of 1st period - Shot by Pierre-Luc Dubois.
0:04 of 1st period - Shot Misses the Net.
0:06 of 1st period - Shot by Pierre-Luc Dubois.
0:06 of 1st period - Stopped by Tuukka Rask without a rebound.
0:07 of 1st period - Anthony Cirelli wins face-off versus William Karlsson in KELOWNA ROCKETS zone.
0:12 of 1st period - Shot by Anthony Cirelli.
0:12 of 1st period - Stopped by Jaroslav Halak with a rebound.
0:30 of 1st period - Icing by Adam Fox.
0:31 of 1st period - Anthony Cirelli wins face-off versus Blake Coleman in KELOWNA ROCKETS zone.
0:31 of 1st period - Anthony Cirelli is hit by Leo Komarov.
0:44 of 1st period - Pavel Buchnevich is hit by Jordie Benn and loses puck.
1:17 of 1st period - Vincent Hinostroza is hit by Evgeny Kuznetsov and loses puck.
1:26 of 1st period - Shot by Evgeny Kuznetsov.
1:26 of 1st period - Shot Misses the Net.
1:53 of 1st period - Shot by Mark Giordano.
1:53 of 1st period - Shot Misses the Net.
2:19 of 1st period - Shot by Auston Matthews.
2:19 of 1st period - Shot Misses the Net.
2:31 of 1st period - Shot by Jordan Eberle.
2:31 of 1st period - Shot Blocked by Ethan Bear.
2:47 of 1st period - Shot by Jordan Eberle.
2:47 of 1st period - Shot Misses the Net.
3:06 of 1st period - Icing by Adam Fox.
3:07 of 1st period - Joakim Nordstrom wins face-off versus Elias Pettersson in KELOWNA ROCKETS zone.
3:34 of 1st period - Oscar Klefbom is hit by Joakim Nordstrom and loses puck.
3:42 of 1st period - Icing by Pierre-Luc Dubois.
3:43 of 1st period - Pavel Buchnevich wins face-off versus Elias Pettersson in RENO LIONS zone.
3:48 of 1st period - Shot by Anthony Cirelli.
3:48 of 1st period - Shot Misses the Net.
4:02 of 1st period - Shot by Tyler Bertuzzi.
4:02 of 1st period - Deflect By Pavel Buchnevich.
4:02 of 1st period - Shot Misses the Net.
4:18 of 1st period - Shot by Pavel Buchnevich.
4:18 of 1st period - Shot Misses the Net.
4:24 of 1st period - Shot by Anthony Cirelli.
4:24 of 1st period - Shot Misses the Net.
4:32 of 1st period - Shot by Tyler Bertuzzi.
4:32 of 1st period - Stopped by Jaroslav Halak without a rebound.
4:33 of 1st period - William Karlsson wins face-off versus Auston Matthews in RENO LIONS zone.
4:58 of 1st period - Cam Atkinson is hit by Jordan Eberle and loses puck.
5:07 of 1st period - Shot by Alexander Ovechkin.
5:07 of 1st period - Shot Misses the Net.
6:08 of 1st period - Icing by Adam Fox.
6:09 of 1st period - Elias Pettersson wins face-off versus Evgeny Kuznetsov in KELOWNA ROCKETS zone.
6:17 of 1st period - Shot by Elias Pettersson.
6:17 of 1st period - Stopped by Tuukka Rask without a rebound.
6:18 of 1st period - Auston Matthews wins face-off versus Elias Pettersson in KELOWNA ROCKETS zone.
7:01 of 1st period - Shot by Cam Atkinson.
7:01 of 1st period - Stopped by Tuukka Rask with a rebound.
7:03 of 1st period - Shot by William Karlsson.
7:03 of 1st period - Stopped by Tuukka Rask without a rebound.
7:04 of 1st period - William Karlsson wins face-off versus Anthony Cirelli in KELOWNA ROCKETS zone.
8:37 of 1st period - Evgeny Kuznetsov is hit by Oliver Ekman-Larsson and loses puck.
9:00 of 1st period - Icing by Pierre-Luc Dubois.
9:01 of 1st period - Auston Matthews wins face-off versus Elias Pettersson in RENO LIONS zone.
10:01 of 1st period - Shot by William Karlsson.
10:01 of 1st period - Shot Blocked by Mark Giordano.
10:15 of 1st period - Shot by William Karlsson.
10:15 of 1st period - Shot Misses the Net.
10:17 of 1st period - Shot by Oscar Klefbom.
10:17 of 1st period - Shot Misses the Net.
11:01 of 1st period - Shot by Blake Coleman.
11:01 of 1st period - Stopped by Tuukka Rask with a rebound.
11:05 of 1st period - Shot by Vincent Hinostroza.
11:05 of 1st period - Shot Misses the Net.
11:14 of 1st period - Shot by Blake Coleman.
11:14 of 1st period - Stopped by Tuukka Rask without a rebound.
11:15 of 1st period - Anthony Cirelli wins face-off versus Elias Pettersson in KELOWNA ROCKETS zone.
11:51 of 1st period - Tyler Bertuzzi is hit by Oliver Ekman-Larsson and loses puck.
12:01 of 1st period - Icing by Jonas Siegenthaler.
12:02 of 1st period - William Karlsson wins face-off versus Anthony Cirelli in KELOWNA ROCKETS zone.
12:14 of 1st period - Icing by Tyler Bertuzzi.
12:15 of 1st period - Anthony Cirelli wins face-off versus Tomas Nosek in KELOWNA ROCKETS zone.
12:29 of 1st period - Jacob Trouba is hit by Adam Fox and loses puck.
12:51 of 1st period - Jacob Trouba is hit by Kristopher Letang and loses puck.
13:01 of 1st period - Icing by Kristopher Letang.
13:02 of 1st period - Evgeny Kuznetsov wins face-off versus Elias Pettersson in KELOWNA ROCKETS zone.
13:07 of 1st period - Pierre-Luc Dubois is hit by Vladimir Tarasenko and loses puck.
13:15 of 1st period - Minor Penalty to Kristopher Letang for Delaying the game.
13:16 of 1st period - William Karlsson wins face-off versus Auston Matthews in KELOWNA ROCKETS zone.
13:44 of 1st period - Icing by William Karlsson.
13:45 of 1st period - William Karlsson wins face-off versus Anthony Cirelli in RENO LIONS zone.
15:14 of 1st period - Oscar Klefbom is hit by Jordan Eberle and loses puck.
16:35 of 1st period - Ilya Kovalchuk is hit by Jayce Hawryluk and loses puck.
16:54 of 1st period - Off-side.
16:55 of 1st period - Joakim Nordstrom wins face-off versus Elias Pettersson in neutral zone.
18:33 of 1st period - Shot by Anders Lee.
18:33 of 1st period - Stopped by Tuukka Rask without a rebound.
18:34 of 1st period - Auston Matthews wins face-off versus Leo Komarov in KELOWNA ROCKETS zone.
18:53 of 1st period - Shot by Alexander Ovechkin.
18:53 of 1st period - Deflect By Auston Matthews.
18:53 of 1st period - Shot Misses the Net.
18:55 of 1st period - Shot by Jordan Eberle.
18:55 of 1st period - Shot Misses the Net.
19:09 of 1st period - Shot by Auston Matthews.
19:09 of 1st period - Shot Misses the Net.
19:47 of 1st period - Icing by Oscar Klefbom.
19:48 of 1st period - Evgeny Kuznetsov wins face-off versus Elias Pettersson in RENO LIONS zone.
19:49 of 1st period - Shot by Vladimir Tarasenko.
19:49 of 1st period - Shot Misses the Net.
Goals for this period are 0 for RENO LIONS vs 0 for KELOWNA ROCKETS.
Shots for this period are 7 for RENO LIONS vs 2 for KELOWNA ROCKETS.

2nd period


0:01 of 2nd period - Anthony Cirelli wins face-off versus Cam Atkinson in neutral zone.
0:04 of 2nd period - Cam Atkinson is hit by Tyler Bertuzzi and loses puck.
0:11 of 2nd period - Tyler Bertuzzi is hit by William Karlsson and loses puck.
1:22 of 2nd period - Pierre-Luc Dubois is hit by Jonas Siegenthaler and loses puck.
1:33 of 2nd period - Shot by Alexander Ovechkin.
1:33 of 2nd period - Shot Misses the Net.
1:43 of 2nd period - Auston Matthews is hit by Oliver Ekman-Larsson and loses puck.
2:07 of 2nd period - Minor Penalty to Blake Coleman for Interference.
2:08 of 2nd period - Anthony Cirelli wins face-off versus Vincent Hinostroza in RENO LIONS zone.
2:32 of 2nd period - Ilya Kovalchuk is hit by Jacob Trouba and loses puck.
2:35 of 2nd period - Shot by Ilya Kovalchuk.
2:35 of 2nd period - Stopped by Jaroslav Halak without a rebound.
2:36 of 2nd period - Anders Lee wins face-off versus Tyler Bertuzzi in RENO LIONS zone.
3:33 of 2nd period - Ryan Pulock is hit by Anthony Cirelli and loses puck.
4:35 of 2nd period - Shot by Jayce Hawryluk.
4:35 of 2nd period - Shot Misses the Net.
4:37 of 2nd period - Shot by Jordie Benn.
4:37 of 2nd period - Shot Misses the Net.
4:39 of 2nd period - Shot by Jayce Hawryluk.
4:39 of 2nd period - Shot Misses the Net.
5:30 of 2nd period - Jonas Siegenthaler is hit by Ryan Pulock and loses puck.
7:42 of 2nd period - Shot by Anthony Cirelli.
7:42 of 2nd period - Stopped by Jaroslav Halak without a rebound.
7:43 of 2nd period - Elias Pettersson wins face-off versus Auston Matthews in RENO LIONS zone.
8:08 of 2nd period - Shot by Auston Matthews.
8:08 of 2nd period - Shot Misses the Net.
8:20 of 2nd period - Shot by Alexander Ovechkin.
8:20 of 2nd period - Shot Hit the Post.
8:38 of 2nd period - Shot by Tyler Bertuzzi.
8:38 of 2nd period - Shot Misses the Net.
9:30 of 2nd period - Niklas Hjalmarsson is hit by Pierre-Luc Dubois and loses puck.
10:23 of 2nd period - Shot by Cam Atkinson.
10:23 of 2nd period - Shot Blocked by Dmitri Orlov.
10:25 of 2nd period - Shot by Oscar Klefbom.
10:25 of 2nd period - Shot Misses the Net.
10:27 of 2nd period - Shot by Jacob Trouba.
10:27 of 2nd period - Shot Misses the Net.
10:29 of 2nd period - Shot by Anders Lee.
10:29 of 2nd period - Shot Misses the Net.
11:11 of 2nd period - Icing by Blake Coleman.
11:12 of 2nd period - Leo Komarov wins face-off versus Evgeny Kuznetsov in RENO LIONS zone.
11:12 of 2nd period - Leo Komarov is hit by Ilya Kovalchuk.
11:25 of 2nd period - Icing by Niklas Hjalmarsson.
11:26 of 2nd period - Tomas Nosek wins face-off versus Evgeny Kuznetsov in KELOWNA ROCKETS zone.
11:26 of 2nd period - Oscar Klefbom is hit by Niklas Hjalmarsson and loses puck.
11:35 of 2nd period - Shot by Oscar Klefbom.
11:35 of 2nd period - Deflect By Maxime Comtois.
11:35 of 2nd period - Shot Blocked by Jonas Siegenthaler.
12:03 of 2nd period - Shot by Jayce Hawryluk.
12:03 of 2nd period - Stopped by Tuukka Rask with a rebound.
12:17 of 2nd period - Shot by Anders Lee.
12:17 of 2nd period - Shot Misses the Net.
12:29 of 2nd period - Shot by Cam Atkinson.
12:29 of 2nd period - Stopped by Tuukka Rask without a rebound.
12:30 of 2nd period - Anthony Cirelli wins face-off versus Leo Komarov in KELOWNA ROCKETS zone.
12:42 of 2nd period - Icing by Ryan Pulock.
12:43 of 2nd period - Auston Matthews wins face-off versus Leo Komarov in RENO LIONS zone.
12:44 of 2nd period - Shot by Jordan Eberle.
12:44 of 2nd period - Shot Hit the Post.
13:25 of 2nd period - Icing by Auston Matthews.
13:26 of 2nd period - Auston Matthews wins face-off versus William Karlsson in KELOWNA ROCKETS zone.
14:32 of 2nd period - Shot by Anthony Cirelli.
14:32 of 2nd period - Stopped by Jaroslav Halak without a rebound.
14:33 of 2nd period - Leo Komarov wins face-off versus Evgeny Kuznetsov in RENO LIONS zone.
14:35 of 2nd period - Minor Penalty to Vladimir Tarasenko for Hooking.
14:36 of 2nd period - Auston Matthews wins face-off versus Elias Pettersson in KELOWNA ROCKETS zone.
14:44 of 2nd period - Off-side.
14:45 of 2nd period - Auston Matthews wins face-off versus Elias Pettersson in neutral zone.
15:16 of 2nd period - Icing by Oliver Ekman-Larsson.
15:17 of 2nd period - Jordan Eberle wins face-off versus Elias Pettersson in RENO LIONS zone.
16:21 of 2nd period - Shot by William Karlsson.
16:21 of 2nd period - Deflect By Anders Lee.
16:21 of 2nd period - Stopped by Tuukka Rask without a rebound.
16:22 of 2nd period - William Karlsson wins face-off versus Auston Matthews in KELOWNA ROCKETS zone.
16:43 of 2nd period - Shot by Evgeny Kuznetsov.
16:43 of 2nd period - Shot Misses the Net.
17:32 of 2nd period - Adam Fox is hit by Blake Coleman and loses puck.
17:43 of 2nd period - Vincent Hinostroza is hit by Kristopher Letang and loses puck.
17:45 of 2nd period - Minor Penalty to Leo Komarov for Boarding.
17:46 of 2nd period - Anders Lee wins face-off versus Evgeny Kuznetsov in RENO LIONS zone.
17:52 of 2nd period - Icing by Tyler Bertuzzi.
17:53 of 2nd period - Evgeny Kuznetsov wins face-off versus Elias Pettersson in KELOWNA ROCKETS zone.
17:53 of 2nd period - Evgeny Kuznetsov is hit by Elias Pettersson.
17:59 of 2nd period - Shot by Adam Fox.
17:59 of 2nd period - Shot Misses the Net.
18:01 of 2nd period - Shot by Adam Fox.
18:01 of 2nd period - Stopped by Jaroslav Halak without a rebound.
18:02 of 2nd period - Anthony Cirelli wins face-off versus Blake Coleman in RENO LIONS zone.
18:03 of 2nd period - Shot by Alexander Ovechkin.
18:03 of 2nd period - Shot Blocked by Anders Lee.
18:32 of 2nd period - Icing by Anthony Cirelli.
18:33 of 2nd period - Anthony Cirelli wins face-off versus Elias Pettersson in KELOWNA ROCKETS zone.
18:38 of 2nd period - Shot by Alexander Ovechkin.
18:38 of 2nd period - Shot Misses the Net.
18:42 of 2nd period - Shot by Alexander Ovechkin.
18:42 of 2nd period - Shot Misses the Net.
18:44 of 2nd period - Shot by Adam Fox.
18:44 of 2nd period - Stopped by Jaroslav Halak with a rebound.
18:46 of 2nd period - Shot by Alexander Ovechkin.
18:46 of 2nd period - Stopped by Jaroslav Halak with a rebound.
18:53 of 2nd period - Icing by Adam Fox.
18:54 of 2nd period - Anthony Cirelli wins face-off versus Elias Pettersson in KELOWNA ROCKETS zone.
19:05 of 2nd period - Off-side.
19:06 of 2nd period - Evgeny Kuznetsov wins face-off versus Blake Coleman in neutral zone.
19:51 of 2nd period - Icing by Joakim Nordstrom.
19:52 of 2nd period - Elias Pettersson wins face-off versus Joakim Nordstrom in KELOWNA ROCKETS zone.
19:56 of 2nd period - Elias Pettersson is hit by Jonas Siegenthaler.
Goals for this period are 0 for RENO LIONS vs 0 for KELOWNA ROCKETS.
Shots for this period are 3 for RENO LIONS vs 6 for KELOWNA ROCKETS.

3rd period


0:01 of 3rd period - Anthony Cirelli wins face-off versus Elias Pettersson in neutral zone.
0:28 of 3rd period - Shot by Elias Pettersson.
0:28 of 3rd period - Shot Misses the Net.
0:30 of 3rd period - Shot by Jacob Trouba.
0:30 of 3rd period - Shot Blocked by Adam Fox.
0:32 of 3rd period - Shot by Oscar Klefbom.
0:32 of 3rd period - Shot Misses the Net.
0:34 of 3rd period - Shot by Jacob Trouba.
0:34 of 3rd period - Shot Misses the Net.
0:37 of 3rd period - Minor Penalty to Tyler Bertuzzi for Goalie Interference.
0:38 of 3rd period - William Karlsson wins face-off versus Jordan Eberle in KELOWNA ROCKETS zone.
1:01 of 3rd period - Shot by Oscar Klefbom.
1:01 of 3rd period - Shot Hit the Post.
1:03 of 3rd period - Shot by Oscar Klefbom.
1:03 of 3rd period - Shot Misses the Net.
1:05 of 3rd period - Shot by Cam Atkinson.
1:05 of 3rd period - Deflect By Anders Lee.
1:05 of 3rd period - Shot Misses the Net.
1:17 of 3rd period - Shot by Ryan Pulock.
1:17 of 3rd period - Deflect By William Karlsson.
1:17 of 3rd period - Stopped by Tuukka Rask without a rebound.
1:18 of 3rd period - Anthony Cirelli wins face-off versus Evgeny Dadonov in KELOWNA ROCKETS zone.
2:26 of 3rd period - Shot by Oscar Klefbom.
2:26 of 3rd period - Shot Misses the Net.
2:28 of 3rd period - Shot by Anders Lee.
2:28 of 3rd period - Shot Misses the Net.
3:25 of 3rd period - Blake Coleman is hit by Joakim Nordstrom and loses puck.
3:38 of 3rd period - Shot by Ilya Kovalchuk.
3:38 of 3rd period - Goal by Ilya Kovalchuk - RENO LIONS : 0 - KELOWNA ROCKETS : 1.
3:39 of 3rd period - William Karlsson wins face-off versus Auston Matthews in neutral zone.
3:49 of 3rd period - Icing by Kristopher Letang.
3:50 of 3rd period - Auston Matthews wins face-off versus Elias Pettersson in KELOWNA ROCKETS zone.
4:03 of 3rd period - Jordan Eberle is hit by Evgeny Dadonov and loses puck.
4:54 of 3rd period - Shot by William Karlsson.
4:54 of 3rd period - Stopped by Tuukka Rask without a rebound.
4:55 of 3rd period - William Karlsson wins face-off versus Evgeny Kuznetsov in KELOWNA ROCKETS zone.
5:55 of 3rd period - Tyler Bertuzzi is hit by Oliver Ekman-Larsson and loses puck.
6:27 of 3rd period - Vincent Hinostroza is hit by Jonas Siegenthaler and loses puck.
7:30 of 3rd period - Shot by Jordan Eberle.
7:30 of 3rd period - Stopped by Jaroslav Halak without a rebound.
7:31 of 3rd period - Evgeny Kuznetsov wins face-off versus Tomas Nosek in RENO LIONS zone.
7:31 of 3rd period - Mark Giordano is hit by Oscar Klefbom.
7:41 of 3rd period - Shot by Vladimir Tarasenko.
7:41 of 3rd period - Stopped by Jaroslav Halak without a rebound.
7:42 of 3rd period - Auston Matthews wins face-off versus Pierre-Luc Dubois in RENO LIONS zone.
8:07 of 3rd period - Shot by Jordan Eberle.
8:07 of 3rd period - Shot Misses the Net.
8:13 of 3rd period - Shot by Auston Matthews.
8:13 of 3rd period - Stopped by Jaroslav Halak without a rebound.
8:14 of 3rd period - Evgeny Kuznetsov wins face-off versus William Karlsson in RENO LIONS zone.
8:17 of 3rd period - Shot by Vladimir Tarasenko.
8:17 of 3rd period - Stopped by Jaroslav Halak without a rebound.
8:18 of 3rd period - Evgeny Kuznetsov wins face-off versus Cam Atkinson in RENO LIONS zone.
9:42 of 3rd period - Shot by Tyler Bertuzzi.
9:42 of 3rd period - Shot Blocked by Oscar Klefbom.
10:07 of 3rd period - Off-side.
10:08 of 3rd period - Auston Matthews wins face-off versus Leo Komarov in neutral zone.
11:09 of 3rd period - Shot by Anders Lee.
11:09 of 3rd period - Shot Blocked by Jonas Siegenthaler.
11:11 of 3rd period - Shot by Cam Atkinson.
11:11 of 3rd period - Shot Misses the Net.
11:13 of 3rd period - Shot by William Karlsson.
11:13 of 3rd period - Shot Blocked by Niklas Hjalmarsson.
11:15 of 3rd period - Shot by William Karlsson.
11:15 of 3rd period - Stopped by Tuukka Rask without a rebound.
11:16 of 3rd period - Anthony Cirelli wins face-off versus Elias Pettersson in KELOWNA ROCKETS zone.
12:15 of 3rd period - Ryan Pulock is hit by Kristopher Letang.
12:35 of 3rd period - Shot by Anders Lee.
12:35 of 3rd period - Deflect By Cam Atkinson.
12:35 of 3rd period - Stopped by Tuukka Rask without a rebound.
12:36 of 3rd period - Evgeny Kuznetsov wins face-off versus Leo Komarov in KELOWNA ROCKETS zone.
12:47 of 3rd period - Vincent Hinostroza is hit by Vladimir Tarasenko and loses puck.
13:20 of 3rd period - Shot by Evgeny Kuznetsov.
13:20 of 3rd period - Stopped by Jaroslav Halak without a rebound.
13:21 of 3rd period - Auston Matthews wins face-off versus Elias Pettersson in RENO LIONS zone.
13:21 of 3rd period - Jordan Eberle is hit by Jacob Trouba and loses puck.
13:40 of 3rd period - Shot by Pierre-Luc Dubois.
13:40 of 3rd period - Shot Misses the Net.
13:44 of 3rd period - Shot by Elias Pettersson.
13:44 of 3rd period - Stopped by Tuukka Rask with a rebound.
13:46 of 3rd period - Shot by Oscar Klefbom.
13:46 of 3rd period - Shot Misses the Net.
13:48 of 3rd period - Shot by Jacob Trouba.
13:48 of 3rd period - Goal by Jacob Trouba - RENO LIONS : 1 - KELOWNA ROCKETS : 1.
13:49 of 3rd period - Joakim Nordstrom wins face-off versus William Karlsson in neutral zone.
14:51 of 3rd period - Shot by Alexander Ovechkin.
14:51 of 3rd period - Deflect By Auston Matthews.
14:51 of 3rd period - Shot Misses the Net.
15:13 of 3rd period - Shot by Pierre-Luc Dubois.
15:13 of 3rd period - Shot Misses the Net.
15:39 of 3rd period - Icing by Jordan Eberle.
15:40 of 3rd period - Leo Komarov wins face-off versus Auston Matthews in KELOWNA ROCKETS zone.
15:49 of 3rd period - Shot by Blake Coleman.
15:49 of 3rd period - Stopped by Tuukka Rask without a rebound.
15:50 of 3rd period - William Karlsson wins face-off versus Anthony Cirelli in KELOWNA ROCKETS zone.
16:25 of 3rd period - Shot by Anders Lee.
16:25 of 3rd period - Shot Misses the Net.
16:27 of 3rd period - Shot by Cam Atkinson.
16:27 of 3rd period - Shot Blocked by Adam Fox.
16:29 of 3rd period - Shot by Anders Lee.
16:29 of 3rd period - Goal by Anders Lee - RENO LIONS : 2 - KELOWNA ROCKETS : 1.
16:30 of 3rd period - Evgeny Kuznetsov wins face-off versus Elias Pettersson in neutral zone.
16:47 of 3rd period - Shot by Evgeny Kuznetsov.
16:47 of 3rd period - Stopped by Jaroslav Halak without a rebound.
16:48 of 3rd period - Leo Komarov wins face-off versus Joakim Nordstrom in RENO LIONS zone.
16:54 of 3rd period - Off-side.
16:55 of 3rd period - Tyler Bertuzzi wins face-off versus William Karlsson in neutral zone.
17:18 of 3rd period - Shot by William Karlsson.
17:18 of 3rd period - Shot Misses the Net.
17:33 of 3rd period - Shot by William Karlsson.
17:33 of 3rd period - Stopped by Tuukka Rask without a rebound.
17:34 of 3rd period - Elias Pettersson wins face-off versus Auston Matthews in KELOWNA ROCKETS zone.
17:36 of 3rd period - Minor Penalty to Mark Giordano for Hooking.
17:37 of 3rd period - Auston Matthews wins face-off versus Elias Pettersson in KELOWNA ROCKETS zone.
18:14 of 3rd period - Shot by Pierre-Luc Dubois.
18:14 of 3rd period - Stopped by Tuukka Rask without a rebound.
18:15 of 3rd period - Anders Lee wins face-off versus Anthony Cirelli in KELOWNA ROCKETS zone.
18:22 of 3rd period - Shot by Oliver Ekman-Larsson.
18:22 of 3rd period - Shot Misses the Net.
18:36 of 3rd period - Shot by Cam Atkinson.
18:36 of 3rd period - Shot Misses the Net.
Goals for this period are 2 for RENO LIONS vs 1 for KELOWNA ROCKETS.
Shots for this period are 10 for RENO LIONS vs 7 for KELOWNA ROCKETS.


NATHAN
MACKINNON
PHILLIP
DANAULT
CONNOR
MCDAVID

EAST COAST

HOCKEY LEAGUE

  • 25.QUE4CHI5
  • 26.CHA2LIM3
  • 27.TRV2LON3
  • 28.CHW4BAL2
  • 29.PITMAN
  • 30.ATLNHW
  • 31.WORPET
  • 32.RHI